Map: Undercurrent LE

Players

Bhuta - Winner!

  • Race: Zerg Zerg
  • Spawn Location: 7:00

kharex - Winner!

  • Race: Zerg Zerg
  • Spawn Location: 7:00

Ekelpack

  • Race: Zerg Zerg
  • Spawn Location: 3:00

Nyck

  • Race: Terran Terran
  • Spawn Location: 1:00

VOD

Have the link to the VOD?

Description

Time

  • Played on: March 26, 2025, 2:17 p.m.
  • Length: 10:42
Show
View Real Time Build Order
Export as new Build Order

Bhuta Zerg - Winner!

Build Orders: Hatch First, Zergling Baneling 

Get SALT Encoding   

  12  0:00  Drone  
  13  0:13  Overlord  
  13  0:19  Drone  
  14  0:32  Drone x2  
  16  0:36  Drone  
  17  0:54  Drone  
  17  0:56  Hatchery  
  17  0:58  Drone  
  18  1:07  Extractor  
  17  1:12  Spawning Pool  
  17  1:15  Drone  
  17  1:19  Drone  
  18  1:29  Drone  
  19  1:42  Overlord  
  19  1:52  Drone  
  20  2:02  Queen  
  20  2:06  Drone  
  23  2:10  Queen  
  23  2:11  Drone  
  23  2:14  Metabolic Boost  
  26  2:16  Drone  
  26  2:20  Drone  
  28  2:35  Hatchery, Drone  
  28  2:37  Drone  
  29  2:50  Zergling x6  
  32  3:19  Lair  
  31  3:22  Baneling Nest  
  31  3:24  Drone x4  
  31  3:25  Drone x2  
  31  3:26  Overlord  
  31  3:27  Overlord  
  36  3:38  Extractor  
  36  3:39  Drone  
  36  3:52  Zergling x10  
  36  3:53  Zergling x8  
  45  4:00  Drone x3  
  45  4:01  Drone  
  49  4:06  Zergling x4  
  49  4:09  Drone  
  52  4:14  Drone  
  53  4:19  Baneling x3  
  53  4:20  Baneling x5  
  53  4:21  Baneling  
  53  4:22  Drone  
  54  4:26  Drone  
  54  4:27  Overlord x2  
  54  4:31  Extractor  
  54  4:33  Extractor, Drone x2  
  55  4:39  Drone  
  55  4:42  Drone  
  55  4:43  Drone  
  55  4:45  Drone  
  59  4:46  Overlord  
  59  4:53  Centrifugal Hooks  
  59  4:54  Zergling x4  
  59  4:55  Zergling x4  
  63  5:00  Queen  
  63  5:05  Drone  
  63  5:06  Drone x2  
  68  5:10  Drone  
  68  5:11  Evolution Chamber  
  68  5:16  Baneling x2  
  68  5:17  Baneling x2  
  68  5:20  Drone  
  69  5:24  Drone x2  
  69  5:25  Evolution Chamber  
  69  5:28  Drone x3  
  73  5:30  Drone  
  74  5:38  Queen  
  74  5:39  Overlord x2  
  76  5:43  Overlord  
  76  5:46  Spore Crawler  
  76  5:49  Spore Crawler, Hydralisk Den  
  73  5:53  Spore Crawler  
  64  6:48  Hydralisk x4  
  64  6:49  Hydralisk x6  
  64  6:50  Hydralisk x5  
  64  6:51  Hydralisk x5  
  94  7:14  Muscular Augments  
  94  7:17  Zergling x4  
  94  7:18  Zergling x10  
  101  7:24  Spore Crawler  
  101  7:26  Spore Crawler  
  99  7:32  Zerg Ground Armor Level 1  
  99  7:33  Zerg Missile Weapons Level 1  
  92  8:06  Overlord x4  
  92  8:07  Overlord  
  92  8:17  Grooved Spines  
  92  8:24  Queen  
  94  8:32  Drone x3  
  94  8:33  Drone x7  
  104  8:46  Infestation Pit  
  103  8:48  Lurker Den  
  103  8:53  Hydralisk x5  
  112  9:00  Queen  
  114  9:07  Extractor  
  114  9:08  Extractor  
  112  9:40  Drone x2  
Show
View Real Time Build Order
Export as new Build Order

kharex Zerg - Winner!

Build Orders: Hatch First, Roach Hydra 

Get SALT Encoding   

  12  0:00  Drone  
  13  0:13  Overlord  
  13  0:20  Drone  
  14  0:32  Drone x2  
  16  0:35  Drone  
  17  0:57  Hatchery  
  17  1:01  Drone  
  17  1:02  Drone  
  18  1:17  Extractor  
  18  1:18  Spawning Pool  
  16  1:19  Drone  
  16  1:20  Drone  
  18  1:29  Drone  
  19  1:39  Drone  
  20  1:47  Hatchery  
  20  1:50  Drone  
  20  2:05  Queen  
  22  2:09  Queen  
  24  2:16  Overlord  
  24  2:18  Drone  
  24  2:20  Drone  
  26  2:26  Drone x2  
  28  2:32  Overlord  
  28  2:36  Drone  
  29  2:43  Extractor  
  28  2:49  Spine Crawler  
  28  3:04  Drone  
  28  3:05  Drone x5  
  34  3:21  Roach Warren  
  34  3:24  Drone x3  
  34  3:25  Drone x5  
  41  3:27  Drone  
  41  3:30  Queen  
  41  3:34  Overlord  
  44  3:45  Overlord  
  44  3:47  Overlord  
  44  4:01  Roach x7  
  58  4:03  Roach  
  60  4:20  Overlord x2  
  60  4:23  Lair  
  60  4:25  Spore Crawler  
  60  4:26  Drone  
  60  4:30  Spore Crawler  
  59  4:31  Drone  
  59  4:35  Roach x5  
  59  4:37  Roach  
  72  4:44  Spore Crawler  
  71  4:52  Drone x6  
  77  4:53  Drone  
  77  4:54  Drone  
  77  4:55  Drone  
  80  5:09  Overlord x4  
  80  5:12  Drone x2  
  82  5:21  Glial Reconstitution  
  82  5:25  Drone x2  
  82  5:26  Evolution Chamber  
  82  5:27  Evolution Chamber  
  82  5:29  Extractor, Drone  
  82  5:30  Drone x3  
  82  5:33  Extractor, Drone  
  82  5:34  Drone x3  
  88  5:36  Overlord  
  88  5:41  Roach x2  
  94  5:42  Roach  
  94  5:47  Spore Crawler  
  94  5:49  Spore Crawler  
  92  5:51  Spore Crawler  
  92  5:55  Spore Crawler  
  92  5:56  Spore Crawler  
  89  5:59  Spore Crawler  
  89  6:00  Spore Crawler  
  89  6:01  Spore Crawler  
  86  6:06  Spore Crawler  
  82  6:20  Spore Crawler  
  81  6:29  Extractor, Drone  
  81  6:30  Drone x5  
  87  6:32  Drone  
  87  6:33  Drone x2  
  69  7:04  Zerg Missile Weapons Level 1  
  69  7:05  Hydralisk Den, Zerg Ground Armor Level 1  
  69  7:06  Drone x4  
  62  7:10  Drone  
  62  7:12  Drone x4  
  62  7:13  Drone x5  
  68  7:24  Extractor x2  
  66  7:36  Hydralisk x8  
  66  7:37  Hydralisk x5  
  76  7:40  Muscular Augments  
  92  8:20  Drone x3  
  92  8:21  Drone x3  
  92  8:23  Overlord x4  
  92  8:24  Overlord  
  98  8:44  Grooved Spines  
  98  8:48  Hatchery  
  98  8:49  Spore Crawler  
  96  8:58  Drone  
  96  8:59  Hydralisk x3  
  96  9:00  Hydralisk x7  
  96  9:01  Hydralisk x8  
  133  9:09  Overseer x2, Hatchery  
  132  9:38  Infestation Pit  
Show
View Real Time Build Order
Export as new Build Order

Ekelpack Zerg 

Build Orders: Hatch First 

Get SALT Encoding   

  12  0:00  Drone  
  13  0:13  Overlord  
  13  0:19  Drone  
  14  0:31  Drone  
  14  0:32  Drone  
  16  0:37  Drone  
  17  0:52  Hatchery  
  17  0:54  Drone  
  17  0:58  Extractor  
  17  0:59  Drone  
  17  1:14  Spawning Pool  
  17  1:18  Drone  
  17  1:23  Drone  
  18  1:31  Drone  
  19  1:41  Drone  
  20  1:50  Drone  
  21  2:05  Queen x2  
  25  2:09  Overlord  
  25  2:12  Drone  
  26  2:16  Metabolic Boost  
  26  2:19  Drone  
  27  2:23  Drone  
  27  2:28  Drone  
  27  2:29  Drone  
  30  2:32  Extractor  
  30  2:33  Drone  
  30  2:48  Lair  
  30  2:49  Drone x3  
  33  2:57  Overlord  
  33  3:01  Drone  
  33  3:05  Extractor  
  33  3:08  Extractor, Drone  
  33  3:19  Drone  
  35  3:20  Drone x3  
  35  3:24  Drone x3, Overlord  
  40  3:37  Drone  
  40  3:40  Drone x2  
  43  3:49  Spire  
  43  3:54  Drone x3  
  45  3:56  Drone  
  45  3:57  Overlord  
  45  3:58  Overlord  
  46  4:18  Overlord x2  
  46  4:33  Hatchery  
  45  4:40  Queen  
  47  5:01  Mutalisk x4  
  47  5:02  Mutalisk x5  
  47  5:06  Zerg Flyer Weapons Level 1  
  65  5:09  Drone x5  
  65  5:10  Drone  
  71  5:16  Drone  
  72  5:51  Extractor  
  72  5:52  Extractor  
  72  5:54  Drone x2  
  72  5:55  Drone x7  
  79  6:00  Infestation Pit, Overlord  
  79  6:01  Overlord  
  63  6:33  Mutalisk x4  
  63  6:34  Mutalisk x2  
  74  6:53  Zergling x6  
  68  7:00  Mutalisk x2  
  62  7:16  Drone x2  
  62  7:18  Queen  
  66  7:25  Drone x2  
  58  8:06  Mutalisk x2  
  58  8:07  Mutalisk x4  
  70  8:32  Drone  
  70  8:33  Drone x3  
  74  8:34  Hive  
  74  8:47  Drone x4  
  74  8:48  Drone x3  
  81  9:01  Drone x2  
  83  9:14  Zergling x2  
  83  9:15  Zergling x12  
  90  9:41  Drone x2, Evolution Chamber  
  90  9:43  Evolution Chamber  
  90  9:46  Ultralisk Cavern  
  90  9:50  Zergling x6  
  90  9:51  Zergling x6  
  87  9:53  Zergling x4  
Show
View Real Time Build Order
Export as new Build Order

Nyck Terran 

Build Orders:  

Get SALT Encoding   

  12  0:00  SCV  
  13  0:12  SCV  
  14  0:18  Supply Depot  
  14  0:24  SCV  
  15  0:40  SCV  
  15  0:41  Barracks  
  16  0:48  Refinery  
  16  0:52  SCV  
  17  1:04  SCV  
  17  1:11  Supply Depot  
  18  1:16  SCV  
  19  1:20  Refinery  
  20  1:32  Reaper  
  20  1:39  Orbital Command  
  20  2:03  Factory  
  20  2:05  SCV  
  21  2:16  Barracks Tech Lab  
  21  2:17  SCV  
  22  2:29  SCV  
  23  2:36  Marine  
  23  2:37  Combat Shield  
  24  2:45  SCV  
  25  2:57  SCV  
  26  3:09  SCV  
  26  3:28  Command Center  
  26  3:30  Command Center  
  26  3:33  Starport  
  26  3:34  Factory Tech Lab  
  26  3:39  Marine  
  27  3:48  Starport  
  27  3:51  Starport  
  27  3:56  Marine  
  27  3:58  SCV  
  29  4:05  Supply Depot  
  29  4:14  Marine  
  30  4:21  SCV  
  31  4:26  Siege Tank  
  31  4:29  Starport Tech Lab  
  31  4:30  Starport Tech Lab x2  
  34  4:37  Fusion Core  
  34  4:38  Armory  
  34  4:40  Supply Depot  
  34  4:49  Orbital Command  
  34  4:59  Orbital Command  
  34  5:11  Viking  
  34  5:12  SCV  
  37  5:27  Stimpack  
  37  5:35  SCV  
  37  5:36  SCV x2  
  40  5:43  Supply Depot  
  40  5:48  SCV x3  
  43  6:03  Terran Vehicle And Ship Armor Level 1  
  43  6:05  Weapon Refit  
  43  6:10  Supply Depot  
  43  6:31  Marauder  
  35  7:33  SCV  
  36  7:39  Battlecruiser  
  42  7:50  Orbital Command  
  42  8:06  Marauder  
  42  8:10  Supply Depot  
  44  8:15  Battlecruiser  
  44  8:18  Orbital Command  
  50  8:31  Refinery  
  50  8:34  Refinery  
  50  8:35  Supply Depot  
  50  8:45  Refinery  
  50  8:47  Viking  
  52  8:52  SCV x2  
  52  8:53  SCV  
  55  9:02  Refinery  
  53  9:04  SCV x2  
  53  9:05  SCV  
  56  9:16  SCV x2  
  79  9:17  SCV, Viking, Battlecruiser  
  67  9:41  Command Center  
  68  9:45  SCV x2  
  68  9:46  SCV  
Tags
 
Add a new tag
Caveats
  • Supply blocks, unpowered buildings, or Contaminate may cause inaccurate times.
  • Supply counts are checked every 10 seconds.